 Dungeon Crawl Stone Soup version 0.29-a0-876-gfc89b1a5bd (webtiles) character file.

Game seed: 11751356822940538127

56 IdlyInterested the Chopper (level 3, -9/29 HPs)
             Began as a Demonspawn Fighter on July 19, 2022.
             Mangled by an ogre
             ... wielding a +0 giant club
              (13 damage)
             ... on level 2 of the Dungeon.
             The game lasted 00:04:38 (1703 turns).

IdlyInterested the Chopper (Demonspawn Fighter)     Turns: 1703, Time: 00:04:39

Health: -9/29      AC: 11    Str: 16    XL:     3   Next: 69%
Magic:  3/3        EV:  7    Int:  9    God:
Gold:   159        SH:  0    Dex: 14    Spells: 2/2 levels left

rFire   . . .      SeeInvis .   m - +0 hand axe (vorpal)
rCold   . . .      Faith    .   g - orb {light}
rNeg    . . .      Spirit   .   p - +0 chain mail
rPois   .          Reflect  .   j - +0 helmet
rElec   .          Harm     .   (no cloak)
rCorr   .          Rampage  .   (no gloves)
Will    .....                   k - +0 pair of boots
Stlth   ..........              (no amulet)
HPRegen 0.09/turn               l - ring of flight
MPRegen 0.08/turn               (no ring)

@: flying, glowing
A: demonic guardian 2
a: no special abilities


You were on level 2 of the Dungeon.
You visited 1 branch of the dungeon, and saw 2 of its levels.

You collected 159 gold pieces.

Inventory:

Hand Weapons
 a - a +1 war axe
 m - a +0 vorpal hand axe (weapon)
Missiles
 e - 4 silver boomerangs (quivered)
Armour
 c - a +0 buckler
 g - an orb of light (worn)
 j - a +0 helmet (worn)
 k - a +0 pair of boots (worn)
 p - a +0 chain mail (worn)
Magical Staves
 b - a staff of conjuration
Jewellery
 l - a ring of flight (left hand)
Potions
 d - a potion of might
 f - 3 potions of curing {unknown}
 h - a potion of resistance
 i - a potion of flight


   Skills:
 - Level 3.0 Fighting
 * Level 3.2 Axes
 - Level 3.0 Armour
 + Level 1.0 Dodging
 - Level 2.6 Shields


You had 2 spell levels left.
You didn't know any spells.
Your spell library was empty.

Dungeon Overview and Level Annotations

Branches:
Dungeon (2/15)

Altars:


Innate Abilities, Weirdness & Mutations

A demonic guardian rushes to your aid.


Message History

Your Dodging skill increases to level 1!
You now have 159 gold pieces (gained 13).
n - a scroll of identify
As you read the scroll of identify, it crumbles to dust.
i - a potion of flight You see here 3 stones.
f - 3 murky yellow potions (gained 1)
A goblin comes into view. It is wielding a +0 dagger.
The goblin shouts!
You hit the goblin.
You kill the goblin!
You see here a +0 dagger.
You reach down and open the door.
A goblin comes into view. It is wielding a +0 club.
The goblin shouts!
The goblin hits you but does no damage.
There is an open door here.
You hit the goblin.
The goblin is severely wounded.
The goblin hits you with a +0 club.
You slash the goblin!
You kill the goblin!
You see here a +0 club.
You reach down and open the door.
There is an open door here.
A ball python comes into view.
The ball python hisses angrily.
An ogre comes into view. It is wielding a +0 giant club.
The ogre shouts!
A worm comes into view.
You slash the ball python!
You kill the ball python!
The ogre hits you with a +0 giant club!!
Ouch! That really hurt!
* * * LOW HITPOINT WARNING * * *
A demonic guardian appears!
You hit the ogre.
The ogre is lightly wounded.
The ogre hits you with a +0 giant club!
You die...

.#..........#
.#..........#
##..........#
#..........#
##..........# #
.').........# ###+#.#
##..........#####......#
#####'####............#
# #.# #.####@......# #
#.####.# #O.4##... #
#......# ..w.# # #
######## ##...# ######
..... .....# #.....
.....# #.#.##. ####)#
#.#.# .. # #.#


You could see an ogre, a worm (ally target) and a friendly hellwing (summoned).

Vanquished Creatures
  A dart slug (D:1)
  5 endoplasms
  2 giant cockroaches (D:1)
  3 hobgoblins (D:1)
  7 jackals
  5 kobolds
  A quokka (D:1)
  9 ball pythons
  5 bats (D:1)
  5 frilled lizards
  4 goblins
  2 rats
49 creatures vanquished.

Notes
Turn   | Place    | Note
-------+----------+-------------------------------------------
     0 | D:1      | IdlyInterested the Demonspawn Fighter began the quest for
                  | the Orb.
     0 | D:1      | Reached XP level 1. HP: 18/18 MP: 1/1
   131 | D:1      | Gained mutation: A weak demonic guardian rushes to your
                  | aid. [demonic ancestry]
   131 | D:1      | Reached XP level 2. HP: 22/24 MP: 2/2
   466 | D:1      | Gained mutation: A demonic guardian rushes to your aid.
                  | [demonic ancestry]
   466 | D:1      | Reached XP level 3. HP: 29/29 MP: 3/3
  1303 | D:2      | Found a faded altar of an unknown god.
  1587 | D:2      | Reached skill level 1 in Dodging
  1699 | D:2      | Noticed an ogre
  1703 | D:2      | Mangled by an ogre

Illustrated notes

Levels and vault maps discovered:
D:1:      minmay_arrival_stair_chambers, layout_basic, minmay_unequal
D:2:      layout_basic, nicolae_ecumenical_oubliette

Skill      XL: |  1  2  3 |
---------------+----------+-----
Axes           | 2 3 |  3.2
Armour         | 3 |  3.0
Dodging        | 1 |  1.0
Fighting       | |  3.0
Shields        | |  2.6

Action                   || total
-------------------------++-------
Melee: War axe           ||    43
       Hand axe          ||    35
  Use: Scroll            ||     5
Armor: Scale mail        ||    36
       Chain mail        ||    18
Dodge: Dodged            ||    45
Block: Buckler           ||     1

Table legend: (Time is in decaauts)
 A = Elapsed time spent in this place.
 B = Non-inter-level travel time spent in this place.
 C = Inter-level travel time spent in this place.
 D = Time resting spent in this place.
 E = Time spent auto-exploring this place.
 F = Levels seen in this place.
 G = Mean time per level.
                   A        B        C        D        E       F      G
               +--------+--------+--------+--------+--------+-----+--------+
         Total |   1723 |   1597 |    126 |      0 |   1232 |   2 |  861.5 |
       Dungeon |   1723 |   1597 |    126 |      0 |   1232 |   2 |  861.5 |
               +--------+--------+--------+--------+--------+-----+--------+

Top non-repeatable levels by time:
     D:1: 1270 daAuts
     D:2: 453 daAuts
